 Dungeon Crawl Stone Soup version 0.31.0 (webtiles) character file.

Game seed: 8684638748880608750

27 ces the Scratcher (level 2, 0/14 HPs)
             Began as a Felid Shapeshifter on Jan 20, 2024.
             Slain by a kobold
             ... wielding a +0 spear
              (3 damage)
             ... on level 1 of the Dungeon.
             The game lasted 00:02:12 (490 turns).

ces the Scratcher (Felid Shapeshifter)               Turns: 490, Time: 00:02:13

Health: 0/14       AC:  1    Str: 10    XL:     2   Next: 93%
Magic:  3/3        EV: 17    Int: 13    God:
Gold:   65         SH:  0    Dex: 15    Spells: 1/1 levels left
                                        Lives:  0   Deaths: 1

rFire   . .          .
                       - Unarmed
rCold   . . .        (shield unavailable)
rNeg    . . .        (body armour unavailable)
rPois   .            (helmet unavailable)
rElec   .            (cloak unavailable)
rCorr   .            (gloves unavailable)
SInv    +            (boots unavailable)
Will    .....        (no amulet)
Stlth   ++           (no ring)
HPRegen 0.22/turn    (no ring)
MPRegen 0.08/turn

%: no passive effects
@: beast-form
A: beast (slay +1), very small, claws 1, fangs 3, see invisible, shaggy fur 1,
stealthy paws, no weapons or thrown items, no armour, multi-lived
a: Begin Untransformation


You were on level 1 of the Dungeon.
You were a hulking beast.
You visited 1 branch of the dungeon, and saw 1 of its levels.

You collected 65 gold pieces.

Inventory:

Talismans
 b - a beast talisman (active)
 c - a flux talisman
Scrolls
 d - 2 scrolls of enchant armour {unknown}
Potions
 a - a potion of lignification
 e - a potion of might {unknown}


   Skills:
 + Level 1.5 Fighting
 * Level 3.3 Dodging
 + Level 0.6 Stealth
 * Level 3.3 Unarmed Combat
 + Level 2.9 Shapeshifting


You had one spell level left.
You didn't know any spells.
Your spell library was empty.

Dungeon Overview and Level Annotations

Branches:
Dungeon (1/15)

Altars:


Innate Abilities, Weirdness & Mutations

You are a hulking beast.
Your limbs bulge with bestial killing power. (Slay +1)
You have sharp claws.
You have razor-sharp teeth.
You have supernaturally acute eyesight. (SInv)
You are covered in fur. (AC +1)
Your paws help you pounce on unaware monsters.
You are incapable of wielding weapons or throwing items.
You cannot wear armour.
You gain extra lives every three experience levels.


Message History

A goblin comes into view. It is wielding a +0 dagger.
A goblin is nearby!
A goblin is nearby!
The goblin shouts!
You barely miss the goblin. The goblin misses you.
You closely miss the goblin. The goblin hits you with a +0 dagger.
You scratch the goblin.
You kill the goblin!
No target in view!
You begin transforming.
You continue transforming. x3
Your transformation has ended.
You turn into a hulking beast.
A bat comes into view.
A bat is nearby!
The bat closely misses you. x2
You closely miss the bat. The bat hits you but does no damage.
The bat barely misses you.
You barely miss the bat. The bat barely misses you. The bat misses you.
You scratch the bat.
You kill the bat!
No target in view!
No target in view!
A kobold comes into view. It is wielding a +0 spear.
The kobold moves out of view.
A kobold comes into view. It is wielding a +0 whip.
The kobold shouts! x2
The kobold moves out of view.
A kobold is nearby!
The kobold hits you from afar with a +0 spear.
The kobold closely misses you.
You closely miss the kobold. The kobold hits you with a +0 spear.
You scratch the kobold but do no damage.
You closely miss the kobold. The kobold misses you.
The kobold closely misses you.
You closely miss the kobold. The kobold hits you with a +0 spear.
The kobold hits you with a +0 whip.
* * * LOW HITPOINT WARNING * * *
You are too injured to fight recklessly!
The kobold hits you from afar with a +0 spear.
You die...

. ..####### ## ........
..# #.....# #.# ####
.##.....########.##....
......KK............#.#
........##.......##...#
........h...##...# #..#
....#.####.###.#.###..###
... #. #.##.###........ #
# #.###.#.#.#..#.. #.#
##.##.#..... #.#
####.#..... #.# #.#....)
#.#######.#.....
#.........#.....


You could see 2 kobolds.

Vanquished Creatures
  A dart slug (D:1)
  3 ball pythons (D:1)
  4 bats (D:1)
  An endoplasm (D:1)
  3 goblins (D:1)
  A hobgoblin (D:1)
  A quokka (D:1)
  2 frilled lizards (D:1)
  3 kobolds (D:1)
  4 rats (D:1)
23 creatures vanquished.

Notes
Turn   | Place    | Note
-------+----------+-------------------------------------------
     0 | D:1      | ces the Felid Shapeshifter began the quest for the Orb.
     0 | D:1      | Reached XP level 1. HP: 10/10 MP: 2/2
    73 | D:1      | Reached XP level 2. HP: 14/14 MP: 3/3
   183 | D:1      | Found a faded altar of an unknown god.
   282 | D:1      | Slain by a kobold
   282 | D:1      | Lost a life (0 lives remaining)
   490 | D:1      | Slain by a kobold

Illustrated notes

Levels and vault maps discovered:
D:1:      dpeg_arrival_simpleton_c, layout_loops_ring,
          shapermc_ecumenical_altar_venn

Skill      XL: |  1 |
---------------+----+-----
Dodging        | 3 |  3.3
Fighting       | |  1.5
Stealth        | |  0.6
Unarmed Combat | |  3.3
Shapeshifting  | |  2.9

Action                     || total
---------------------------++-------
  Melee: Unarmed           ||    53
         Bite              ||     2
         Punch             ||     1
   Stab: Sleeping          ||     1
 Armour: Skin              ||    20
  Dodge: Dodged            ||    41
   Form: Beast             ||     1
